 Dungeon Sprint DCSS version 0.21.1-1-g345015f (webtiles) character file.

26 sankara the Cudgeler (level 2, -1/37 HPs)
             Began as a Demonspawn Berserker on Apr 3, 2018.
             Was a Follower of Trog.
             Slain by an ogre
             ... wielding a cursed +0 giant club
              (7 damage)
             ... in the Dungeon (Sprint I: "Red Sonja").
             The game lasted 00:00:43 (238 turns).

sankara the Cudgeler (Demonspawn Berserker)          Turns: 238, Time: 00:00:44

Health: -1/37      AC:  9    Str: 22    XL:     2   Next: 89%
Magic:  2/2        EV:  9    Int:  8    God:    Trog [*.....]
Gold:   0          SH:  0    Dex: 12    Spells: 1/1 levels left

rFire    . . .     SeeInvis .   a - +0 mace
rCold    . . .     Gourm    .   (no shield)
rNeg     . . .     Faith    .   l - +0 chain mail (curse)
rPois    .         Spirit   .   (no helmet)
rElec    .         Reflect  .   (no cloak)
rCorr    .         Harm     .   (no gloves)
MR       .....     NoTele   +   (no boots)
Stlth    ..........             (no amulet)
HPRegen  0.12/turn              (no ring)
MPRegen  0.08/turn              (no ring)

@: berserking, very quick
A: hooves 1
a: Berserk, Burn Spellbooks, Renounce Religion


You were in the Dungeon.
You worshipped Trog.
Trog was aware of your devotion.
You were not hungry.

You visited 1 branch

Inventory:

Hand Weapons
 a - a +0 mace (weapon)
Armour
 l - a cursed +0 chain mail (worn)
   (You took it off Ijyb in the Dungeon)
Scrolls
 i - a scroll of blinking {!r}
Potions
 d - a potion of curing
 e - a potion of heal wounds
 f - a potion of haste
 g - 2 potions of magic
 h - a potion of berserk rage {!q}
 j - a potion of mutation {unknown}
Comestibles
 c - a ration


   Skills:
 + Level 3.9 Fighting
 * Level 4.3 Maces & Flails
 + Level 2.9 Armour
 + Level 2.9 Dodging


You had one spell level left.
You didn't know any spells.

Dungeon Overview and Level Annotations

Branches:
Dungeon (1/1)

Altars:


Innate Abilities, Weirdness & Mutations

You have large cloven feet.


Message History

Welcome, sankara the Demonspawn Berserker.
Trog says: Kill them all!
Press ? for a list of commands and other information.
Found a staircase leading out of the dungeon.
As you open the door, it creaks loudly!
Marking area around Ijyb as unsafe for travelling.
Ijyb the Twisted Goblin comes into view.
She is wielding an enchanted club.
Ijyb shouts!
Ijyb hits you with an enchanted club.
There is an open door here.
You hit Ijyb.
Ijyb is lightly wounded.
Ijyb barely misses you.
You sock Ijyb!
Ijyb is moderately wounded.
Ijyb hits you with an enchanted club.
You hit Ijyb but do no damage.
Ijyb is moderately wounded.
Ijyb hits you with an enchanted club.
You closely miss Ijyb.
Ijyb is moderately wounded.
Ijyb hits you with an enchanted club.
* * * LOW HITPOINT WARNING * * *
A red film seems to cover your vision as you go berserk!
You feel yourself moving faster!
You feel mighty!
You feel quite a bit more hungry. Ijyb closely misses you.
You sock Ijyb!
Ijyb is severely wounded.
Ijyb hits you with an enchanted club.
* * * LOW HITPOINT WARNING * * *
You sock Ijyb!
You kill Ijyb!
Trog accepts your kill.
Your Maces & Flails skill gained 2 levels and is now at level 4!
Your Armour skill increases to level 2!
Your Dodging skill increases to level 2!
You have reached level 2!
Your demonic ancestry asserts itself...
Your feet thicken and deform.
j - an orange potion
Things that are here:
an enchanted club; a chain mail; the goblin corpse of Ijyb You butcher the goblin corpse of Ijyb.
You feel a strong urge to attack something.
k - 3 chunks of flesh {@w0}
Things that are here:
an enchanted club; a chain mail
l - a chain mail You are too berserk!
You feel your anger nearly subside.
You are no longer berserk.
You are exhausted.
You feel yourself slow down.
You see here an enchanted club.
Wear which item? (? for menu, Esc to quit)
You start removing your armour.
You continue taking off your +0 animal skin. x4
You finish taking off your +0 animal skin.
You start putting on your armour.
You continue putting on your chain mail. x5
You finish putting on your cursed +0 chain mail.
Oops, that feels deathly cold.
Drop what? 12/52 slots (_ for help) (? for menu, Esc to quit)
You drop a +0 animal skin.
You start resting.
You feel yourself speed up.
You start resting.
You recover from your berserk rage.
You start resting.
All of the chunks of flesh in your inventory have rotted away.
HP restored.
You open the door.
An ogre comes into view. It is wielding a giant club.
The ogre shouts!
The ogre hits you with a giant club!!
Ouch! That really hurt!
* * * LOW HITPOINT WARNING * * *
There is an open door, spattered with blood here.
A red film seems to cover your vision as you go berserk!
You feel yourself moving faster!
You feel mighty!
You feel a lot more hungry.
You barely miss the ogre. You kick the ogre.
The ogre is moderately wounded.
The ogre hits you with a giant club!
You die...

##########
#<.#..@O.#
#..'[.#..+
#..#####+#
#..# #..#
#..# #⌠⌠#
####


You could see an ogre.

Vanquished Creatures
  Ijyb (D)
1 creature vanquished.

Notes
Turn   | Place    | Note
-------+----------+-------------------------------------------
     0 | D        | sankara the Demonspawn Berserker began the quest for the Orb.
     0 | D        | Reached XP level 1. HP: 18/18 MP: 1/1
     1 | D        | Noticed Ijyb
     8 | D        | HP: 6/27 [Ijyb/enchanted club (1)]
     9 | D        | Killed Ijyb
     9 | D        | Reached skill level 4 in Maces & Flails
     9 | D        | Reached skill level 2 in Armour
     9 | D        | Reached skill level 2 in Dodging
     9 | D        | Gained mutation: You have large cloven feet. [demonic ancestry]
     9 | D        | Reached XP level 2. HP: 9/25 MP: 2/2
   235 | D        | Noticed an ogre
   236 | D        | HP: 4/25 [ogre/giant club (21)]
   238 | D        | Slain by an ogre

Skill      XL: |  1 |
---------------+----+-----
Maces & Flails | 4 |  4.3
Armour         | 2 |  2.9
Dodging        | 2 |  2.9
Fighting       | |  3.9

Action                   || total
-------------------------++-------
Melee: Mace              ||     7
       Kick              ||     1
Invok: Berserk           ||     2
Dodge: Dodged            ||     2

Vault maps used:
D:        dungeon_sprint_1

Table legend:
 A = Turns spent in this place as a percentage of turns spent in the entire game.
 B = Non-inter-level travel turns spent in this place as a percentage of non-inter-level travel turns spent in the entire game.
 C = Inter-level travel turns spent in this place as a percentage of turns spent in this place.
 D = Turns resting spent in this place as a percentage of non-inter-level travel turns spent in this place.
 E = Turns spent auto-exploring this place as a percentage of non-inter-level travel turns spent in this place.
 F = Non-inter-level travel turns spent in this place divided by the number of levels of this place that you've seen.
                   A       B       C       D       E      F
               +-------+-------+-------+-------+-------+----------------------
         Total | 100.0 | 100.0 |   0.0 |  86.6 |   0.0 | 238.0
       Dungeon | 100.0 | 100.0 |   0.0 |  86.6 |   0.0 | 238.0
               +-------+-------+-------+-------+-------+----------------------

Table legend:
 A = Kills in this place as a percentage of kills in entire the game.
 B = Kills by you in this place as a percentage of kills by you in the entire game.
 C = Kills by friends in this place as a percentage of kills by friends in the entire game.
 D = Other kills in this place as a percentage of other kills in the entire game.
 E = Experience gained in this place as a percentage of experience gained in the entire game.
 F = Experience gained in this place divided by the number of levels of this place that you have seen.
                   A       B       C       D       E      F
               +-------+-------+-------+-------+-------+----------------------
         Total | 100.0 | 100.0 |   N/A |   N/A | 100.0 |  38.0
       Dungeon | 100.0 | 100.0 |   N/A |   N/A | 100.0 |  38.0
               +-------+-------+-------+-------+-------+----------------------
